 Dungeon Crawl Stone Soup version 0.28.0 (webtiles) character file.

Game seed: 14791679701534287128

345 RighteousDevil the Firebug (level 6, -3/47 HPs)
             Began as a Demonspawn Cinder Acolyte on Feb 5, 2022.
             Was a High Priest of Ignis.
             Blown up by Ijyb (19 damage)
             ... with a mindburst bolt
             ... on level 3 of the Dungeon.
             The game lasted 00:05:16 (1876 turns).

RighteousDevil the Firebug (DsCA)                   Turns: 1876, Time: 00:05:16

Health: -3/47      AC: 14    Str: 14    XL:     6   Next: 32%
Magic:  10/11      EV: 11    Int: 16    God:    Ignis [*****.]
Gold:   93         SH:  0    Dex: 10    Spells: 9/11 levels left

rFire   + + .      SeeInvis +   a - -1 falchion (flame)
rCold   . . .      Faith    .   (no shield)
rNeg    . . .      Spirit   .   b - +0 robe
rPois   +          Reflect  .   j - +1 hat {SInv}
rElec   .          Harm     .   (no cloak)
rCorr   .          Rampage  .   c - +1 pair of gloves
Will    .....                   (no boots)
Stlth   +.........              d - amulet of regeneration
HPRegen 0.95/turn               e - ring of protection from fire
MPRegen 0.12/turn               f - ring of poison resistance

@: fiery-armoured
A: antennae 1, yellow scales 1, spiny 1
a: Renounce Religion, Fiery Armour, Foxfire Swarm, Rising Flame


You were on level 3 of the Dungeon.
You worshipped Ignis.
Ignis was extremely pleased with you.
You visited 1 branch of the dungeon, and saw 3 of its levels.

You collected 93 gold pieces.

Inventory:

Hand Weapons
 a - a -1 falchion of flaming (weapon)
Armour
 b - a +0 robe (worn)
 c - a +1 pair of gloves (worn)
 j - a +1 hat of see invisible (worn)
 k - a +0 scale mail
Jewellery
 d - an amulet of regeneration (around neck)
 e - a ring of protection from fire (left hand)
 f - a ring of poison resistance (right hand)
Potions
 g - a potion of curing
 h - a potion of degeneration {unknown}
 i - a potion of invisibility {unknown}


   Skills:
 - Level 3.0 Fighting
 + Level 4.3 Long Blades
 + Level 3.4 Spellcasting
 + Level 4.3 Fire Magic


You had 9 spell levels left.
You knew the following spells:

 Your Spells              Type           Power      Damage    Failure   Level
a - Scorch                Fire           32%        2d7       4%          2

Your spell library contained the following spells:

 Spells                   Type           Power      Damage    Failure   Level


Dungeon Overview and Level Annotations

Branches:
Dungeon (3/15)

Altars:

Shops:
D:1 (

Annotations:
D:3 Ijyb


Innate Abilities, Weirdness & Mutations

You have a pair of small antennae on your head.
You are partially covered in yellow scales. (AC +2)
You are partially covered in sharp spines.


Message History

Unknown command.
Found a stone staircase leading up.
A centaur comes into view.
The centaur shouts!
You hear a shout!
The centaur wields a +0 shortbow.
The centaur shoots an arrow.
The arrow hits you!
The centaur shoots an arrow.
The arrow hits you.
The centaur unwields a +0 shortbow.
The centaur barely misses you. x2
Ijyb the Twisted Goblin comes into view.
She is wielding a +0 club and carrying a wand of mindburst (15).
The centaur hits you but does no damage.
The centaur closely misses you.
Ijyb shouts!
You slash the centaur! You burn the centaur.
The centaur is heavily wounded.
The centaur is struck by your spines. The centaur hits you.
The centaur closely misses you.
You hit the centaur. You burn the centaur.
The centaur is severely wounded.
The centaur hits you but does no damage.
The centaur completely misses you.
The centaur hits you but does no damage.
The centaur barely misses you.
You hit the centaur. You burn the centaur.
You kill the centaur!
Ijyb zaps a wand.
Your mind is blasted!
You aren't carrying any items that you can evoke.
Ijyb zaps a wand.
You barely resist. You barely miss Ijyb. Ijyb completely misses you.
You closely miss Ijyb. Ijyb barely misses you.
You hit Ijyb. You burn Ijyb.
Ijyb is lightly wounded.
Ijyb zaps a wand.
Your mind is blasted!
* * * LOW HITPOINT WARNING * * *
Okay, then.
A protective cloak of flame settles atop you.
Ijyb closely misses you.
You closely miss Ijyb.
Ijyb is lightly wounded.
Ijyb zaps a wand.
Your mind is blasted!
You die...

##. ## ... .. ..
#.# #.##..#.# .#
......#.# .##
#......#.# ...#
#......#g##...#.
#.##....@.......
........)...##.
##..........#
#<..##.##..# .
##.....##..####..
##.#####...... .
#....##..#.##..
#.##...........
#.#####..#.###.


You could see Ijyb.

Vanquished Creatures
  Sigmund (D:2)
  A centaur (D:3)
  3 gnolls (D:2)
  2 adders (D:2)
  A worm (D:3)
  A dart slug (D:1)
  A ball python (D:2)
  5 bats
  6 endoplasms
  A giant cockroach (D:2)
  5 goblins
  3 hobgoblins
  12 jackals
  2 quokkas
  4 frilled lizards
  5 kobolds
  4 rats
57 creatures vanquished.

Notes
Turn   | Place    | Note
-------+----------+-------------------------------------------
     0 | D:1      | RighteousDevil the Demonspawn Cinder Acolyte began the
                  | quest for the Orb.
     0 | D:1      | Reached XP level 1. HP: 18/18 MP: 2/2
   404 | D:1      | Gained mutation: You are partially covered in yellow
                  | scales. (AC +2) [demonic ancestry]
   404 | D:1      | Reached XP level 2. HP: 23/24 MP: 4/4
   423 | D:1      | Learned a level 2 spell: Scorch
   813 | D:1      | Found Qinylao's Weapon Shoppe.
   831 | D:1      | Gained mutation: You have a pair of small antennae on your
                  | head. [demonic ancestry]
   831 | D:1      | Reached XP level 3. HP: 28/29 MP: 5/5
  1382 | D:2      | Gained mutation: You are partially covered in sharp spines.
                  | [demonic ancestry]
  1382 | D:2      | Reached XP level 4. HP: 33/35 MP: 7/7
  1482 | D:2      | Noticed Sigmund
  1492 | D:2      | Killed Sigmund
  1493 | D:2      | Reached XP level 5. HP: 32/41 MP: 1/9
  1852 | D:3      | Reached XP level 6. HP: 47/47 MP: 10/10
  1866 | D:3      | Noticed Ijyb
  1876 | D:3      | Blown up by Ijyb

Illustrated notes

Levels and vault maps discovered:
D:1:      wheals_arrival_shading, layout_loops_ring, serial_shops,
          nicolae_shop_waterfront
D:2:      layout_rooms, uniq_sigmund
D:3:      layout_basic, lemuel_crystal_altar, ebering_ecumenical_altar_box,
          uniq_natasha, uniq_ijyb, uniq_robin

Skill      XL: |  1  2  3  4 |
---------------+-------------+-----
Fire Magic     | 3 4 |  4.3
Long Blades    | 3 4 |  4.3
Spellcasting   | 2 3 |  3.4
Fighting       | |  3.0

Action                   |  1- 3 |  4- 6 || total
-------------------------+-------+-------++-------
Melee: Falchion          |   150 |    29 ||   179
       Punch             |     1 |     1 ||     2
 Cast: Scorch            |     2 |     3 ||     5
Invok: Fiery Armour      |     2 |     1 ||     3
  Use: Scroll            |     1 |     3 ||     4
 Stab: Sleeping          |     1 |       ||     1
Armor: Robe              |    76 |    18 ||    94
Dodge: Dodged            |   110 |    20 ||   130
